 Dungeon Crawl Stone Soup version 0.24-a0-520-g8fd06ad0bc (webtiles) character file.

Game seed: 6009721772145167962

1113 vurker the Quickloader (level 8, -6/51 HPs)
             Began as a Kobold Hunter on July 27, 2019.
             Mangled by a wyvern zombie (9 damage)
             ... on level 6 of the Dungeon.
             The game lasted 00:11:38 (5961 turns).

vurker the Quickloader (Kobold Hunter)              Turns: 5961, Time: 00:11:39

Health: -6/51      AC: 10    Str: 12    XL:     8   Next: 60%
Magic:  8/8        EV: 12    Int: 12    God:
Gold:   147        SH:  0    Dex: 15    Spells: 7/7 levels left

rFire    . . .     SeeInvis .   a - +1 hand crossbow
rCold    . . .     Gourm    .   (shield restricted)
rNeg     . . .     Faith    .   p - +0 chain mail
rPois    .         Spirit   .   u - +1 helmet
rElec    .         Reflect  .   (no cloak)
rCorr    .         Harm     .   (no gloves)
MR       .....                  (no boots)
Stlth    ..........             (no amulet)
HPRegen  0.17/turn              k - ring of stealth
MPRegen  0.11/turn              o - +4 ring of evasion

@: no status effects
A: small, carnivore
a: no special abilities


You were on level 6 of the Dungeon.
You were completely stuffed.

You visited 2 branches of the dungeon, and saw 7 of its levels.

You collected 147 gold pieces.

Inventory:

Hand Weapons
 a - a +1 hand crossbow (weapon)
 b - a +3 dagger
   (You took it off Robin on level 4 of the Dungeon)
Missiles
 d - 39 bolts (quivered)
Armour
 p - a +0 chain mail (worn)
   (You found it on level 1 of the Dungeon)
 q - a +0 cloak
   (You took it off Crazy Yiuf on level 5 of the Dungeon)
 u - a +1 helmet (worn)
   (You took it off Robin on level 4 of the Dungeon)
Jewellery
 g - a +1 ring of slaying {unknown}
   (You found it on level 5 of the Dungeon)
 k - a ring of stealth (left hand)
   (You found it on level 1 of the Dungeon)
 o - a +4 ring of evasion (right hand)
   (You found it on level 1 of the Dungeon)
Scrolls
 h - a scroll of immolation {unknown}
 i - 3 scrolls of remove curse
 n - 4 scrolls of identify
 s - a scroll of enchant armour
 t - 2 scrolls of fog
 v - 2 scrolls of teleportation
 y - a scroll of enchant weapon {unknown}
Potions
 c - a potion of flight {unknown}
 f - a potion of magic {unknown}
 j - a potion of haste {unknown}
 l - a potion of degeneration {unknown}
 m - a potion of might {unknown}
 r - a potion of agility
 w - 2 potions of curing
 z - a potion of heal wounds {unknown}
Comestibles
 e - 9 rations
 x - 2 chunks of flesh


   Skills:
 + Level 5.7 Fighting
 - Level 5.4 Short Blades
 * Level 9.6 Crossbows
 - Level 2.4 Dodging
 - Level 1.3 Stealth


You had 7 spell levels left.
You didn't know any spells.
Your spell library contained the following spells:

 Spells                   Type           Power        Failure   Level  Hunger
 Animate Skeleton         Necr           N/A          100%        1    ##.....
 Apportation              Tloc           #.....       100%        1    ##.....
 Confusing Touch          Hex            #.....       100%        1    ##.....
 Summon Small Mammal      Summ           #...         100%        1    ##.....


Dungeon Overview and Level Annotations

Branches:
Dungeon (6/15)             Temple (1/1) D:5

Altars:
Ashenzari
Cheibriados
Fedhas
Hepliaklqana
Qazlal
Ru
Sif Muna
Trog
Uskayaw
Vehumet
Yredelemnul
The Shining One
Lugonu

Shops:
D:4 :   D:5 [

Annotations:
D:3 Sigmund


Innate Abilities, Weirdness & Mutations

You are small and have problems with some larger weapons.
You are carnivorous and can eat meat at any time.


Message History

The wyvern zombie bites you.
The killer bee zombie hits you but does no damage.
You hit the killer bee zombie.
The wyvern zombie bites you but does no damage.
The killer bee zombie closely misses you.
You puncture the killer bee zombie!
You destroy the killer bee zombie!
The wyvern zombie bites you!
* * * LOW HITPOINT WARNING * * *
a - a +1 hand crossbow (weapon)
The wyvern zombie bites you.
* * * LOW HITPOINT WARNING * * *
Firing (i - inventory)
d - 47 bolts (quivered)
Aim: a wyvern zombie You shoot a bolt.
The bolt hits the wyvern zombie!
The wyvern zombie barely misses you.
Firing (i - inventory)
d - 46 bolts (quivered)
Aim: a wyvern zombie (lightly damaged)
You shoot a bolt.
The bolt barely misses the wyvern zombie.
The wyvern zombie bites you but does no damage.
Firing (i - inventory)
d - 45 bolts (quivered)
Aim: a wyvern zombie (lightly damaged)
You shoot a bolt. The bolt hits the wyvern zombie!
The wyvern zombie bites you.
* * * LOW HITPOINT WARNING * * *
The wyvern zombie bites you!
* * * LOW HITPOINT WARNING * * *
Firing (i - inventory)
d - 44 bolts (quivered)
Aim: a wyvern zombie (heavily damaged)
You shoot a bolt. The bolt hits the wyvern zombie!
The wyvern zombie bites you but does no damage.
Firing (i - inventory)
d - 43 bolts (quivered)
Aim: a wyvern zombie (severely damaged)
You shoot a bolt. The bolt hits the wyvern zombie.
The wyvern zombie misses you.
Firing (i - inventory)
d - 42 bolts (quivered)
Aim: a wyvern zombie (severely damaged)
You shoot a bolt.
The bolt barely misses the wyvern zombie.
The wyvern zombie barely misses you. The wyvern zombie bites you!
* * * LOW HITPOINT WARNING * * *
Firing (i - inventory)
d - 41 bolts (quivered)
Aim: a wyvern zombie (severely damaged)
You shoot a bolt.
The bolt hits the wyvern zombie but does no damage.
The wyvern zombie closely misses you.
Firing (i - inventory)
d - 40 bolts (quivered)
Aim: a wyvern zombie (severely damaged)
You shoot a bolt. The bolt hits the wyvern zombie.
The wyvern zombie bites you!
You die...

#..###....#.)..##.#....#
#.# ##.#
######.#####.#....#
##.#### ####
#............####......
.#
########........)......
## ######.....####......
# #..^.#.....# #......
.#.#....#...######......
........................
#.#...@##########...)..
#..Z.# ##..### #....#
#..### #(...# #...##
#....# ##..## .....#
#.... ......# #....
.......# #.... #..).


You could see a wyvern zombie.

Vanquished Creatures
  A hungry ghost (D:5)
  Menkaure (D:5)
  2 ogres
  A bullfrog (D:6)
  A scorpion (D:6)
  A vampire bat (D:6)
  A howler monkey (D:4)
  2 crimson imps
  An orc priest (D:5)
  Crazy Yiuf (D:5)
  A hound (D:5)
  A centaur skeleton (D:4)
  3 worker ants
  A killer bee zombie (D:6)
  A worker ant zombie (D:5)
  Robin (D:4)
  3 gnolls (D:4)
  5 adders
  A shadow imp (D:5)
  An adder zombie (D:3)
  An adder skeleton (D:5)
  2 worms
  A dart slug (D:2)
  5 leopard geckos
  11 orcs
  17 bats
  4 giant cockroaches
  6 hobgoblins
  5 jackals
  2 quokkas (D:2)
  A ball python (D:3)
  7 frilled lizards
  15 goblins
  9 kobolds
  A quokka skeleton (D:4)
  6 rats
  A bush (D:5)
124 creatures vanquished.

Vanquished Creatures (others)
  8 toadstools (D:6)
8 creatures vanquished.

Grand Total: 132 creatures vanquished

Notes
Turn   | Place    | Note
-------+----------+-------------------------------------------
     0 | D:1      | vurker the Kobold Hunter began the quest for the Orb.
     0 | D:1      | Reached XP level 1. HP: 12/12 MP: 1/1
    69 | D:1      | Reached skill level 1 in Short Blades
    69 | D:1      | Reached skill level 5 in Crossbows
    69 | D:1      | Reached XP level 2. HP: 11/18 MP: 2/2
   454 | D:1      | Reached XP level 3. HP: 21/22 MP: 3/3
  1232 | D:2      | Found a hazy altar of Hepliaklqana.
  1415 | D:3      | Reached XP level 4. HP: 27/27 MP: 4/4
  2034 | D:3      | Found a shattered altar of Ashenzari.
  2038 | D:3      | Noticed Sigmund
  2170 | D:4      | Reached XP level 5. HP: 32/32 MP: 5/5
  2181 | D:4      | Noticed Robin
  2199 | D:4      | Reached skill level 6 in Crossbows
  2206 | D:4      | Killed Robin
  2469 | D:4      | Found a basalt altar of Yredelemnul.
  2697 | D:4      | Found a glowing golden altar of the Shining One.
  2749 | D:4      | Reached XP level 6. HP: 34/37 MP: 6/6
  2850 | D:4      | Found Nonoh's Book Boutique.
  3321 | D:4      | Noticed an angel
  3369 | D:5      | Entered Level 5 of the Dungeon
  3392 | D:5      | Found a deep blue altar of Sif Muna.
  3406 | D:5      | Found a staircase to the Ecumenical Temple.
  3406 | D:5      | Noticed an ogre
  3415 | D:5      | Noticed a hungry ghost
  3675 | D:5      | Noticed a sky beast
  3696 | D:5      | HP: 1/37 [sky beast (6)]
  4048 | D:5      | Killed a hungry ghost
  4048 | D:5      | Reached skill level 5 in Short Blades
  4048 | D:5      | Reached skill level 7 in Crossbows
  4048 | D:5      | Reached XP level 7. HP: 38/42 MP: 7/7
  4328 | Temple   | Entered the Ecumenical Temple
  4753 | D:5      | Reached skill level 8 in Crossbows
  4848 | D:5      | Noticed Menkaure
  4853 | D:5      | Killed Menkaure
  4853 | D:5      | Reached XP level 8. HP: 15/48 MP: 8/8
  5175 | D:5      | Found Koamink's Armour Shop.
  5488 | D:5      | Found a runed translucent door.
  5488 | D:5      | Noticed Crazy Yiuf
  5501 | D:5      | Killed Crazy Yiuf
  5501 | D:5      | Reached skill level 5 in Fighting
  5583 | D:6      | Reached skill level 9 in Crossbows
  5959 | D:6      | HP: 2/51 [wyvern zombie (8)]
  5961 | D:6      | Mangled by a wyvern zombie

Levels and vault maps discovered:
D:1:      lightli_arrival_flooded_house, layout_basic
D:2:      layout_rooms, lemuel_crystal_altar
D:3:      layout_loops_ring, marbit_many_paths, nicolae_overflow_crystal_walls,
          first_ration, hangedman_decor_growths, uniq_sigmund
D:4:      layout_loops_ring, grunt_temple_overflow_holy_war,
          nicolae_overflow_hidden_temple, serial_shops, shop, uniq_robin
D:5:      layout_rooms, lemuel_crystal_altar, minmay_temple_entry_waves,
          serial_shops, kennysheep_mini, uniq_menkaure, uniq_crazy_yiuf_cottage
D:6:      cheibrodos_fertilizer, layout_basic, roderic_batcave
Temple:   corrupted_temple

Skill      XL: |  1  2  3  4  5  6  7  8 |
---------------+-------------------------+-----
Short Blades   | 1 2 3 4 5 |  5.4
Crossbows      | 5 6 7 8 9 |  9.6
Fighting       | 3 4 5 |  5.7
Dodging        | |  2.4
Stealth        | |  1.3

Action                   |  1- 3 |  4- 6 |  7- 9 || total
-------------------------+-------+-------+-------++-------
Melee: Short sword       |   166 |    83 |       ||   249
       Dagger            |       |    73 |   257 ||   330
 Fire: Hand crossbow     |     9 |    92 |   106 ||   207
  Use: Scroll            |       |     9 |       ||     9
       Potion            |       |       |     1 ||     1
 Stab: Sleeping          |     2 |       |       ||     2
  Eat: Chunk             |    10 |     7 |    16 ||    33
Armor: Leather armour    |    11 |       |       ||    11
       Chain mail        |    70 |   116 |    50 ||   236
Dodge: Dodged            |   142 |   134 |    83 ||   359

Table legend:
 A = Non-vault XP
 B = Vault XP
 C = Vault XP percentage of total XP
 D = Non-vault monster count
 E = Vault monster count
 F = Vault count percentage of total count
                 A         B        C        D         E       F
            +---------+---------+-------+---------+---------+-------
      Total |    1287 |     304 |  19.1 |     104 |      19 |  15.4
            +---------+---------+-------+---------+---------+-------
        D:1 |      35 |       0 |   0.0 |      20 |       0 |   0.0
        D:2 |      30 |       0 |   0.0 |      17 |       0 |   0.0
        D:3 |      73 |       0 |   0.0 |      25 |       0 |   0.0
        D:4 |     214 |      32 |  13.0 |      14 |      11 |  44.0
        D:5 |     522 |     209 |  28.6 |      17 |       2 |  10.5
        D:6 |     413 |      63 |  13.2 |      11 |       6 |  35.3
            +---------+---------+-------+---------+---------+-------
